 Dungeon Sprint DCSS version 0.22.1-1-ga44c0e56f4 (webtiles) character file.

335 MuseOD the Covert (level 6, 0/34 (35) HPs)
             Began as a Spriggan Enchanter on Sept 22, 2018.
             Was an Initiate of Dithmenos.
             Slain by a hippogriff (2 damage)
             ... in the Dungeon (Sprint II: "The Violet Keep of Menkaure").
             The game lasted 00:00:55 (144 turns).

MuseOD the Covert (Spriggan Enchanter)               Turns: 144, Time: 00:00:56

HP:   0/34 (35)     AC:  2    Str:  4    XL:     6   Next: 28%
MP:   7/11          EV: 18    Int: 18    God:    Dithmenos [......]
Gold: 243           SH:  0    Dex: 17    Spells: 4/10 levels left

rFire    . . .     SeeInvis +   a - +1 dagger
rCold    . . .     Gourm    .   (shield restricted)
rNeg     . . .     Faith    .   b - +0 robe
rPois    .         Spirit   .   (helmet restricted)
rElec    .         Reflect  .   (no cloak)
rCorr    .         Harm     .   (gloves unavailable)
MR       +....     NoTele   +   (boots unavailable)
Stlth    +++++.....             (no amulet)
HPRegen  0.11/turn              (no ring)
MPRegen  0.12/turn              (no ring)

@: very slightly contaminated, very quick
A: very small, unfitting armour, see invisible, herbivore, speed 3, slow
metabolism 2
a: Renounce Religion


You were in the Dungeon.
You worshipped Dithmenos.
Dithmenos was noncommittal.
You were not hungry.

You visited 1 branch You collected 243 gold pieces.

Inventory:

Hand Weapons
 a - a +1 dagger (weapon)
Armour
 b - a +0 robe (worn)
Scrolls
 j - a scroll of blinking
Potions
 e - a potion of curing
 f - a potion of heal wounds
 g - a potion of haste
 h - 2 potions of magic
Comestibles
 d - a ration


   Skills:
 - Level 5.4 Fighting
 - Level 10.3 Short Blades
 - Level 3.0 Dodging
 + Level 11.1 Stealth
 + Level 2.6 Spellcasting
 + Level 3.6 Hexes


You had 4 spell levels left.
You knew the following spells:

 Your Spells              Type           Power        Failure   Level  Hunger
a - Corona                Hex            ###....      3%          1    #......
b - Ensorcelled Hibernat  Hex/Ice        #.....       12%         2    ##.....
c - Confuse               Hex            ###.....     12%         3    ###....

Your spell library contained the following spells:

 Spells                   Type           Power        Failure   Level  Hunger
 Tukima's Dance           Hex            ###.....     12%         3    ###....
 Dazzling Spray           Conj/Hex       #.....       24%         3    ###....


Dungeon Overview and Level Annotations

Branches:
Dungeon (1/1)

Altars:
Cheibriados
Dithmenos
Elyvilon
Fedhas
Gozag
Hepliaklqana
Kikubaaqudgha
Makhleb
Nemelex Xobeh
Okawaru
Qazlal
Ru
Sif Muna
Trog
Uskayaw
Vehumet
Wu Jian
Xom
Yredelemnul
Zin
The Shining One
Beogh
Jiyva
Lugonu


Innate Abilities, Weirdness & Mutations

You are very small and have problems with some larger weapons.
You are too small for most types of armour.
You have supernaturally acute eyesight. (SInv)
You are a herbivore.
You cover ground extremely quickly.
You need to consume almost no food.


Message History

Confirm with . or Enter, or press ? or * to list all spells.
Aiming: Ensorcelled Hibernation (safe; 12% risk of failure)
Press: ? - help, Shift-Dir - straight line, f - hippogriff
Aim: a hippogriff (chance to defeat MR: 35%)
The hippogriff easily resists.
The hippogriff bites you!
* * * LOW HITPOINT WARNING * * *
The hippogriff pecks you.
* * * LOW HITPOINT WARNING * * *
The hippogriff claws you.
* * * LOW HITPOINT WARNING * * *
Casting: Ensorcelled Hibernation (safe; 12% risk of failure)
Confirm with . or Enter, or press ? or * to list all spells.
Aiming: Ensorcelled Hibernation (safe; 12% risk of failure)
Press: ? - help, Shift-Dir - straight line, f/p - hippogriff
Aim: a hippogriff (chance to defeat MR: 35%)
You miscast Ensorcelled Hibernation.
You are very lightly contaminated with residual magic.
A chill runs through your body. The hippogriff completely misses you.
The hippogriff pecks you.
You die...

#H ...# ...# #. ..#####..#
($) +# #..#..'..# ▓()[!$
.### #..# #.^# ▓$((?$$
<.+# +..####..### ▓??$!!)
.##.# #....###...##▓▓▓▓▓▓▓
†## 3##......≈≈HH≈≈≈≈≈≈≈≈≈
#.####≈≈.§...≈#H########+#
#..#≈≈≈≈§≈§..≈#_@_._...#§≈
..##≈§§≈§§≈§.≈#._._._._#§≈
+##≈≈≈§≈≈§≈≈≈≈#_._._._.#§§
≈≈≈≈≈≈≈§§§§≈≈†#._._._._#t≈
#+++#≈≈≈§§§≈≈≈#.._._._.#≈≈
;§ ##≈§≈###≈≈#..._._._#§≈
≈§ ##≈≈# #≈≈#...._._.#§§
;;≈ §≈# #§§#....._..#≈§
§≈≈ ≈≈§≈≈≈≈##########≈§


You could see 3 hippogriffs.

Vanquished Creatures
  4 necrophages (D)
4 creatures vanquished.

Vanquished Creatures (others)
  Menkaure (D)
  A crocodile (D)
2 creatures vanquished.

Grand Total: 6 creatures vanquished

Notes
Turn   | Place    | Note
-------+----------+-------------------------------------------
     0 | D        | MuseOD the Spriggan Enchanter began the quest for the Orb.
     0 | D        | Reached XP level 1. HP: 9/9 MP: 5/5
     1 | D        | Noticed a neqoxec
     4 | D        | Noticed a hippogriff
     4 | D        | Noticed a hippogriff
     7 | D        | Noticed a tyrant leech
     7 | D        | Noticed a tyrant leech
    10 | D        | Noticed a necrophage
    10 | D        | Noticed a necrophage
    10 | D        | Noticed a necrophage
    10 | D        | Noticed a necrophage
    15 | D        | Killed a necrophage
    15 | D        | Reached skill level 7 in Stealth
    15 | D        | Reached XP level 2. HP: 13/16 MP: 6/6
    15 | D        | Reached XP level 3. HP: 17/20 MP: 8/8
    15 | D        | Reached XP level 4. HP: 20/24 MP: 9/9
    23 | D        | Killed a necrophage
    23 | D        | Reached skill level 9 in Stealth
    23 | D        | Reached XP level 5. HP: 24/29 MP: 10/10
    29 | D        | Killed Menkaure
    33 | D        | Killed a necrophage
    33 | D        | Reached skill level 10 in Stealth
    39 | D        | Killed a necrophage
    39 | D        | Reached skill level 5 in Fighting
    39 | D        | Reached skill level 10 in Short Blades
    39 | D        | Reached skill level 11 in Stealth
    39 | D        | Reached XP level 6. HP: 22/34 MP: 11/11
   100 | D        | Found an iron altar of Okawaru.
   100 | D        | Found an opulent altar of Gozag.
   101 | D        | Found a sparkling altar of Nemelex Xobeh.
   101 | D        | Found a blossoming altar of Fedhas.
   102 | D        | Found a radiant altar of Vehumet.
   102 | D        | Found a burning altar of Makhleb.
   102 | D        | Found a white marble altar of Elyvilon.
   103 | D        | Found a hide-covered altar of Uskayaw.
   103 | D        | Found a corrupted altar of Lugonu.
   103 | D        | Found a shadowy altar of Dithmenos.
   104 | D        | Found a glowing silver altar of Zin.
   104 | D        | Found a bloodstained altar of Trog.
   104 | D        | Found an ancient bone altar of Kikubaaqudgha.
   104 | D        | Found a snail-covered altar of Cheibriados.
   105 | D        | Found a basalt altar of Yredelemnul.
   105 | D        | Found a deep blue altar of Sif Muna.
   105 | D        | Found a viscous altar of Jiyva.
   106 | D        | Found a shimmering altar of Xom.
   106 | D        | Found a sacrificial altar of Ru.
   108 | D        | Found a glowing golden altar of the Shining One.
   108 | D        | Found an ornate altar of the Wu Jian Council.
   108 | D        | Found a stormy altar of Qazlal.
   108 | D        | Found a hazy altar of Hepliaklqana.
   109 | D        | Found a roughly hewn altar of Beogh.
   115 | D        | Became a worshipper of Dithmenos the Shadowed
   127 | D        | Noticed a hippogriff
   127 | D        | Noticed a hippogriff
   128 | D        | Noticed a hippogriff
   138 | D        | Learned a level 2 spell: Ensorcelled Hibernation
   142 | D        | Learned a level 3 spell: Confuse
   144 | D        | Slain by a hippogriff

Skill      XL: |  1  2  3  4  5 |
---------------+----------------+-----
Fighting       | 3 4 5 |  5.4
Short Blades   | 6 8 10 | 10.3
Stealth        | 7 9 11 | 11.1
Dodging        | |  3.0
Spellcasting   | |  2.6
Hexes          | |  3.6

Action                   |  1- 3 |  4- 6 || total
-------------------------+-------+-------++-------
Melee: Dagger            |     2 |    22 ||    24
 Cast: Ensorcelled Hiber |       |     1 ||     1
  Use: Potion            |     1 |       ||     1
 Stab: Sleeping          |     1 |       ||     1
Armor: Robe              |       |     1 ||     1
Dodge: Dodged            |     4 |    10 ||    14
